Map: Rovine di Seras

Players

Jhyrachy - Winner!

  • Race: Zerg Zerg
  • League: Silver

Brian

  • Race: Protoss Protoss
  • League: Bronze

VOD

Have the link to the VOD?

Description

Time

  • Played on: Dec. 6, 2015, 3:28 p.m.
  • Length: 17:38
Show
View Real Time Build Order
Export as new Build Order

Jhyrachy Zerg - Winner!

Build Orders: Hatch First 

Get SALT Encoding   

  12  0:01  Drone  
  13  0:13  Overlord  
  13  0:18  Drone  
  14  0:31  Drone x2  
  16  0:54  Hatchery  
  15  1:03  Drone  
  15  1:04  Drone  
  17  1:09  Extractor  
  17  1:10  Drone  
  17  1:20  Spawning Pool  
  16  1:27  Overlord  
  16  1:52  Drone x2  
  16  1:53  Drone  
  19  2:09  Queen  
  19  2:12  Zergling x4  
  19  2:15  Metabolic Boost  
  23  2:18  Overlord  
  23  2:26  Queen  
  25  2:48  Extractor  
  24  2:54  Drone x2  
  24  2:55  Drone  
  27  3:00  Drone  
  27  3:02  Drone x2  
  30  3:06  Overlord  
  30  3:43  Drone x2  
  30  3:44  Drone x4  
  30  3:45  Overlord  
  35  3:57  Lair  
  35  3:59  Pneumatized Carapace  
  35  4:06  Evolution Chamber  
  35  4:08  Evolution Chamber  
  33  4:11  Drone x2  
  35  4:19  Drone  
  35  4:20  Overlord  
  35  4:21  Overlord  
  36  4:28  Roach Warren  
  34  5:08  Glial Reconstitution  
  34  5:12  Roach x11  
  34  5:13  Roach  
  58  5:19  Zerg Missile Weapons Level 1  
  58  5:32  Queen  
  60  5:44  Zerg Ground Armor Level 1  
  60  5:57  Drone x2  
  60  5:58  Drone, Extractor  
  60  5:59  Drone x4  
  60  6:01  Overlord x3  
  60  6:02  Drone  
  60  6:03  Drone  
  68  6:44  Hatchery  
  64  7:46  Nydus Network  
  63  7:52  Hydralisk Den  
  62  8:37  Hydralisk  
  62  8:38  Hydralisk x14  
  88  9:09  Muscular Augments  
  88  9:20  Overlord x3  
  88  9:31  Extractor  
  88  9:33  Zerg Missile Weapons Level 2  
  88  9:36  Extractor  
  86  9:50  Extractor  
  86  9:52  Drone x3  
  88  9:55  Drone x3  
  88  9:56  Drone  
  88  9:57  Drone x2  
  94  10:12  Burrow  
  94  11:07  Hydralisk  
  94  11:08  Hydralisk x16  
  94  11:09  Hydralisk  
  130  11:13  Overlord x4  
  126  11:24  Zerg Ground Armor Level 2  
  120  12:09  Tunneling Claws  
  120  12:29  Hatchery  
  119  12:35  Hydralisk  
  119  12:36  Hydralisk x18  
  119  12:37  Hydralisk x2  
  141  12:41  Overlord x2  
  161  12:47  Lurker Den  
  161  12:50  Overseer  
  161  13:08  Hydralisk x42  
  161  13:09  Hydralisk x10  
  127  14:03  Hydralisk x8  
  127  14:04  Hydralisk x9  
  161  15:07  Queen  
  163  15:16  Nydus Canal  
  157  16:28  Overseer x6  
  157  16:29  Overseer  
  159  16:32  Roach  
  159  16:33  Roach x12  
  183  17:05  Roach x13  
Show
View Real Time Build Order
Export as new Build Order

Brian Protoss 

Build Orders:  

Get SALT Encoding   

  12  0:02  Probe (Chrono Boost)  
  13  0:14  Pylon  
  13  0:31  Pylon  
  13  0:41  Probe (Chrono Boost)  
  14  0:45  Assimilator  
  14  0:51  Probe (Chrono Boost)  
  15  1:02  Probe (Chrono Boost)  
  16  1:10  Gateway  
  16  1:15  Pylon  
  16  1:24  Probe (Chrono Boost)  
  17  1:34  Probe (Chrono Boost)  
  18  1:45  Probe (Chrono Boost)  
  19  1:53  Nexus  
  19  1:58  Cybernetics Core  
  19  2:03  Assimilator  
  20  2:08  Probe (Chrono Boost)  
  20  2:19  Probe (Chrono Boost)  
  20  2:40  Sentry  
  22  2:45  Assimilator  
  22  3:01  Probe (Chrono Boost)  
  23  3:11  Probe (Chrono Boost)  
  24  3:18  Twilight Council  
  24  3:20  Pylon  
  24  3:22  Probe (Chrono Boost)  
  25  3:36  Forge  
  25  3:49  Adept  
  27  3:57  Gateway  
  27  3:59  Probe (Chrono Boost)  
  28  4:09  Probe (Chrono Boost)  
  29  4:14  Gateway  
  29  4:16  Adept  
  31  4:20  Probe (Chrono Boost)  
  32  4:30  Probe (Chrono Boost)  
  33  4:41  Probe (Chrono Boost)  
  34  4:47  Sentry, Stalker  
  38  5:07  Sentry  
  38  5:09  Probe (Chrono Boost)  
  38  5:12  Probe (Chrono Boost)  
  38  5:13  Stalker  
  44  5:17  Stalker  
  44  5:20  Probe (Chrono Boost)  
  47  5:22  Probe (Chrono Boost)  
  48  5:30  Probe (Chrono Boost)  
  48  5:33  Probe (Chrono Boost), Stalker  
  52  5:37  Pylon  
  52  5:42  Dark Shrine  
  52  5:45  Assimilator  
  52  5:47  Probe (Chrono Boost)  
  53  5:57  Sentry, Stalker  
  53  5:58  Probe (Chrono Boost)  
  53  6:03  Stalker  
  60  6:08  Probe (Chrono Boost)  
  61  6:19  Probe (Chrono Boost)  
  61  6:24  Pylon  
  62  6:29  Photon Cannon  
  62  6:32  Pylon  
  62  6:40  Pylon  
  62  6:42  Probe (Chrono Boost), Stalker x3  
  62  6:47  Pylon  
  65  7:17  Stargate  
  65  7:19  Stargate  
  65  7:22  Stargate  
  65  7:25  Sentry, Stalker x2  
  71  7:51  Stalker  
  71  7:55  Stalker  
  75  8:04  Nexus  
  83  8:20  Assimilator  
  83  8:22  Pylon  
  70  9:02  Pylon  
  70  9:04  Void Ray x2, Pylon  
  70  9:12  Probe (Chrono Boost)  
  71  9:17  Probe (Chrono Boost)  
  71  9:22  Probe (Chrono Boost)  
  73  9:27  Probe (Chrono Boost)  
  73  9:28  Probe (Chrono Boost)  
  73  9:29  Sentry, Stalker x2  
  81  9:33  Probe (Chrono Boost)  
  81  9:37  Probe (Chrono Boost)  
  84  9:38  Probe (Chrono Boost)  
  84  9:55  Stalker  
  84  9:58  Void Ray  
  84  9:59  Sentry, Stalker  
  92  10:25  Stalker  
  94  10:37  Sentry x2  
  94  10:38  Void Ray  
  102  10:44  Assimilator  
  102  10:46  Probe (Chrono Boost)  
  103  10:55  Stalker  
  103  10:57  Probe (Chrono Boost)  
  104  11:03  Stalker x2  
  107  11:07  Probe (Chrono Boost)  
  99  11:18  Probe (Chrono Boost)  
  102  11:25  Sentry  
  102  11:33  Sentry, Stalker  
  106  11:40  Void Ray x2  
  114  11:51  Probe (Chrono Boost)  
  114  11:52  Zealot  
  117  12:00  Zealot  
  119  12:01  Probe (Chrono Boost)  
  119  12:03  Zealot  
  122  12:12  Probe (Chrono Boost)  
  123  12:19  Zealot  
  125  12:34  Pylon  
  125  12:35  Pylon  
  125  12:36  Pylon  
  125  12:51  Void Ray  
  125  12:52  Probe (Chrono Boost), Zealot  
  125  12:53  Void Ray, Zealot x2  
  140  13:02  Probe (Chrono Boost)  
  141  13:13  Probe (Chrono Boost)  
  141  13:19  Zealot  
  144  13:20  Zealot x2  
  148  13:36  Void Ray  
  148  13:38  Void Ray x2  
  132  13:46  Zealot  
  132  13:47  Zealot x2  
  91  14:12  Probe (Chrono Boost)  
  91  14:13  Zealot  
  91  14:16  Sentry x2  
  98  14:20  Void Ray  
  98  14:23  Probe (Chrono Boost)  
  103  14:31  Oracle  
  106  14:40  Sentry  
  106  14:41  Probe (Chrono Boost)  
  106  14:42  Stalker x2  
  113  14:48  Probe (Chrono Boost)  
  113  14:52  Probe (Chrono Boost)  
  115  14:58  Probe (Chrono Boost)  
  116  15:02  Probe (Chrono Boost)  
  116  15:06  Stalker  
  119  15:09  Probe (Chrono Boost)  
  119  15:12  Stalker x2  
  124  15:19  Probe (Chrono Boost)  
  124  15:20  Assimilator  
  125  15:23  Pylon  
  125  15:33  Probe (Chrono Boost)  
  126  15:36  Stalker  
  126  15:42  Stalker  
  130  15:44  Probe (Chrono Boost)  
  128  15:55  Probe (Chrono Boost)  
  73  16:37  Nexus  
  73  16:41  Assimilator  
  73  16:43  Pylon  
  73  16:45  Pylon  
  73  16:48  Pylon  
  73  16:50  Pylon  
  73  16:53  Pylon  
Tags
 
Add a new tag
Caveats
  • Supply blocks, unpowered buildings, or Contaminate may cause inaccurate times.
  • Supply counts are checked every 10 seconds.